 Dungeon Crawl Stone Soup version 0.32-a0-422-g28b100f618 (webtiles) character file.

Game seed: 11128259685244922734

41814 Piledriver the Fencer (level 14, -1/115 HPs)
             Began as a Coglin Brigand on Feb 21, 2024.
             Was an Initiate of Gozag.
             Slain by a dire elephant (13 damage)
             ... on level 5 of the Lair of Beasts.
             The game lasted 00:21:21 (14378 turns).

Piledriver the Fencer (Coglin Brigand)             Turns: 14378, Time: 00:21:21

Health: -1/115     AC: 24    Str: 12    XL:     14   Next: 17%
Magic:  14/14      EV: 18    Int: 11    God:    Gozag
Gold:   775        SH:  0    Dex: 29    Spells: 13/13 levels left

rFire   . . .        a - +0 quick blade (venom) {Bianca}
rCold   . . .        p - +8 whip "Qomaem" {flame, rElec Will- Dex+3 SInv}
rNeg    . . .        K - +6 scale mail of Weak Liberty {rPois}
rPois   +            r - +0 helmet
rElec   +            c - +0 cloak
rCorr   .            f - +0 pair of gloves
SInv    +            J - +2 pair of boots
Will    .....        P - amulet of regeneration
Stlth   ++           s - +6 ring of dexterity
HPRegen 1.19/turn    H - +4 ring of protection
MPRegen 0.14/turn

%: no passive effects
@: revving
A: off-hand wielding, slow wielding, warmup strikes, legs shutdown
a: Renounce Religion, Potion Petition, Call Merchant, Bribe Branch


You were on level 5 of the Lair of Beasts.
You worshipped Gozag.
Gozag was pleased with you.
You visited 3 branches of the dungeon, and saw 17 of its levels.

You collected 4443 gold pieces.
You spent 882 gold pieces at shops.
You paid 2786 gold pieces to Gozag.

Inventory:

Hand Weapons
 a - a +0 quick blade of venom (weapon) {Bianca}
 p - the +8 whip "Qomaem" (offhand) {flame, rElec Will- Dex+3 SInv}
   (You found it on level 2 of the Dungeon)

   Dex+3:     It affects your dexterity (+3).
   rElec:     It insulates you from electricity.
   Will-:     It decreases your willpower.
   SInv:      It lets you see invisible.
Missiles
 d - 54 poisoned darts (quivered)
 e - 3 curare-tipped darts
Armour
 c - a +0 cloak (worn)
 f - a +0 pair of gloves (worn)
 n - a +0 pair of boots
 o - the +2 leather armour of the World {Stlth+}
   (You found it on level 2 of the Dungeon)

   Stlth+:    It makes you more stealthy.
 r - a +0 helmet (worn)
 J - a +2 pair of boots (worn)
 K - the +6 scale mail of Weak Liberty (worn) {rPois}
   (You found it on level 7 of the Dungeon)

   rPois:     It protects you from poison
Jewellery
 q - a ring of flight
 s - a +6 ring of dexterity (left grasper)
 w - an amulet of magic regeneration
 A - a ring of positive energy
 H - a +4 ring of protection (right grasper)
 O - an amulet of reflection
 P - an amulet of regeneration (around neck)
 W - a ring of protection from cold
Wands
 i - a wand of iceblast (5)
 j - a wand of flame (10)
 C - a wand of mindburst (9)
 L - a wand of polymorph (7)
 Q - a wand of paralysis (5)
Scrolls
 b - 3 scrolls of vulnerability {unknown}
 l - 6 scrolls of teleportation {@r3}
 t - 2 scrolls of poison
 u - 4 scrolls of enchant weapon {unknown}
 x - a scroll of noise
 y - 4 scrolls of revelation {unknown}
 F - a scroll of blinking {@r4}
 M - 3 scrolls of immolation
 N - 2 scrolls of enchant armour
 T - a scroll of amnesia
 V - 2 scrolls of torment {unknown}
Potions
 g - a potion of invisibility {unknown}
 h - 2 potions of might {unknown}
 k - 4 potions of lignification {unknown}
 m - 5 potions of mutation
 z - 3 potions of cancellation
 B - 3 potions of curing {@q2}
 D - 3 potions of resistance {unknown}
 E - 2 potions of ambrosia {unknown}
 G - 4 potions of haste {unknown}
 I - a potion of brilliance {unknown}
 R - 3 potions of berserk rage {unknown}
 S - 3 potions of attraction {unknown}
 U - 2 potions of enlightenment {unknown}
 X - 3 potions of degeneration {unknown}


   Skills:
 + Level 12.2 Fighting
 - Level 1.7(9.7) Short Blades
 - Level 15.9(16.0) Long Blades
 - Level 1.7 Throwing
 + Level 6.5 Armour
 + Level 11.0 Dodging
 - Level 3.2 Stealth


You had 13 spell levels left.
You didn't know any spells.
Your spell library contained the following spells:

 Spells                   Type           Power      Damage    Failure   Level
 Foxfire                  Conj/Fire      0%         2x1d4     83%         1
 Shock                    Conj/Air       0%         1d3       83%         1
 Hailstorm                Conj/Ice       0%         3d5       99%         3
 Summon Ice Beast         Ice/Summ       0%         N/A       99%         3
 Swiftness                Air            0%         N/A       99%         3
 Airstrike                Air            0%         2d(0-16)  100%        4
 Plasma Beam              Fire/Air       0%         2x1d10    100%        6
 Sculpt Simulacrum        Ice/Alch       0%         N/A       100%        6
 Starburst                Conj/Fire      0%         6d3       100%        6


Dungeon Overview and Level Annotations

Branches:
Dungeon (11/15)            Temple (1/1) D:5            Lair (5/5) D:8
  Swamp (0/4) Lair:3       Spider (0/4) Lair:2        Slime (0/5) Lair:4
    Orc (0/2) D:11

Altars:
Ashenzari
Cheibriados
Dithmenos
Elyvilon
Fedhas
Gozag
Hepliaklqana
Kikubaaqudgha
Makhleb
Nemelex Xobeh
Okawaru
Qazlal
Ru
Sif Muna
Trog
Uskayaw
Vehumet
Wu Jian
Xom
Yredelemnul
Zin
The Shining One
Beogh
Jiyva

Shops:
D:5 !   Lair:3 (([

Annotations:
D:7 Jeremiah
D:11 1 runed translucent door, heinrich's ghost, journeyman TrMo


Innate Abilities, Weirdness & Mutations

You can wield a second weapon in your off-hand.
It takes a long time for you to wield or remove held weapons.
Your first few attacks do less damage.
Attacking and casting redirects power from your legs.


Message History

You hear an angry hiss.
The harpy attacks as it pursues you! The harpy completely misses you.
The harpy closely misses you.
Your lindwurm bites the cane toad!
The cane toad dies!
Your komodo dragon bites the harpy!!
The harpy claws your komodo dragon. x2
You whack the harpy with the +8 whip "Qomaem"!
You burn the harpy.
The harpy is almost dead.
You hit the harpy with your +0 quick blade of venom.
You hit the harpy but do no damage.
The harpy is almost dead.
The harpy claws you but does no damage. The harpy barely misses you.
Your komodo dragon bites the harpy!!
The harpy dies!
An elephant comes into view.
Your basilisk bites the dire elephant.
You are no longer unable to travel.
Your komodo dragon bites the dire elephant!!
The elephant is distracted by your dazzling golden aura.
Your komodo dragon barely misses the dire elephant.
You see here 20 gold pieces.
A wyvern comes into view.
The dire elephant attacks as it pursues you!
The dire elephant tramples you but does no damage.
The dire elephant trunk-slaps you!
* * * LOW HITPOINT WARNING * * *
Your lindwurm breathes flames at the dire elephant.
The blast of flame hits the dire elephant!!
The wyvern bites your basilisk.
The dire elephant attacks as it pursues you!
The dire elephant tramples you but does no damage.
The dire elephant completely misses you.
You feel better.
The wyvern completely misses your basilisk.
The dire elephant tramples you!!
* * * LOW HITPOINT WARNING * * *
You stumble backwards!
You feel better. The dire elephant tramples you!
You die...
Your body crumbles into a pile of gold.

#+++++#P.P.....#
##...).##.......#.
+...~<..'P........
+.<~~~..'.......##
+.~≈ß~~.'........# #.
+..~~~<.'.$.......
#..+...~...'P.$......
##..##.....##$$$......
#.P.P#+++++#@.........
#.....P...PY....#.#.#.
. ...P...P.l...#####
.# ..........k...## #
..Y.###.l$$?.#.#
......$$k.!.#.##
......$$#~..#.#
..~~.~$$$....##
#~.#~~.##...##


You could see a dire elephant (ally target), a wyvern, a friendly lindwurm
(summoned), a friendly komodo dragon (summoned) and a friendly basilisk
(summoned).

Vanquished Creatures
  Snorg (Lair:4)
  2 hydras
  A two-headed ogre (D:11)
  5 death yaks (Lair:4)
  2 skysharks
  2 spriggan druids (Lair:3)
  An orc knight (D:11)
  A harpy (Lair:5)
  An oklob plant (Lair:3)
  Maurice (D:11)
  18 elephants
  4 black mambas
  7 cane toads
  4 rime drakes
  3 kobold demonologists (D:11)
  7 komodo dragons
  3 trolls
  3 hornets
  2 polar bears
  Grinder (D:4)
  16 blink frogs
  A slime creature (Lair:4)
  6 wyverns
  2 basilisks
  A wraith (D:10)
  32 yaks
  2 redbacks (Lair:2)
  3 vampire mosquitoes (D:9)
  2 steam dragons
  3 acid dragons
  7 water moccasins
  3 ice beasts
  7 orc warriors
  2 black bears (D:4)
  3 sky beasts
  9 wolves
  An ogre (D:6)
  5 centaurs
  3 kobold brigands (D:11)
  2 phantoms
  10 bullfrogs
  2 scorpions
  9 killer bees
  3 electric eels (Lair:3)
  5 howler monkeys
  6 bombardier beetles
  4 jellies
  5 hounds
  A gnoll bouda (D:4)
  6 orc priests
  Jessica (D:2)
  2 sleepcaps
  2 iguanas
  5 orc wizards
  A mummy (D:6)
  Robin (D:3)
  7 adders
  7 gnolls (D:4)
  A white imp (D:5)
  2 ufetubi (D:7)
  3 dart slugs
  A ribbon worm (D:3)
  44 orcs
  5 ball pythons
  7 endoplasms
  4 giant cockroaches
  15 goblins
  9 hobgoblins
  6 jackals
  4 quokkas
  3 bats
  4 frilled lizards
  3 hobgoblin zombies (D:6)
  5 kobolds
  An orc zombie (D:6)
  4 rats
377 creatures vanquished.

Vanquished Creatures (collateral kills)
  A harpy (Lair:5)
  A komodo dragon (Lair:5)
  A cane toad (Lair:5)
  A hornet (Lair:5)
4 creatures vanquished.

Grand Total: 381 creatures vanquished

Notes
Turn   | Place    | Note
-------+----------+-------------------------------------------
     0 | D:1      | Piledriver the Coglin Brigand began the quest for the Orb.
     0 | D:1      | Reached XP level 1. HP: 16/16 MP: 1/1
    54 | D:1      | Reached skill level 1 in Dodging
   111 | D:1      | Reached skill level 1 in Long Blades
   111 | D:1      | Reached XP level 2. HP: 19/22 MP: 2/2
   706 | D:2      | Reached XP level 3. HP: 19/28 MP: 3/3
   876 | D:2      | Found an ancient bone altar of Kikubaaqudgha.
   896 | D:2      | Identified the +3 ring mail "Zupiowk" {Harm Str+3 Dex-5}
   952 | D:2      | Reached skill level 2 in Long Blades
   983 | D:2      | Reached XP level 4. HP: 9/34 MP: 4/4
  1267 | D:2      | Noticed Jessica
  1272 | D:2      | Killed Jessica
  1285 | D:2      | Identified the +2 leather armour of the World {Stlth+}
  1304 | D:2      | Identified the +8 whip "Qomaem" {flame, rElec Will- Dex+3
                  | SInv}
  1619 | D:3      | Noticed Robin
  1619 | D:3      | Found a faded altar of an unknown god.
  1627 | D:3      | Reached skill level 3 in Long Blades
  1628 | D:3      | Reached XP level 5. HP: 41/41 MP: 5/5
  1637 | D:3      | Killed Robin
  2460 | D:4      | Reached XP level 6. HP: 35/47 MP: 6/6
  2464 | D:4      | Reached skill level 4 in Long Blades
  2641 | D:4      | Reached XP level 7. HP: 53/53 MP: 7/7
  2893 | D:4      | Reached skill level 5 in Long Blades
  2985 | D:4      | Noticed Grinder
  2998 | D:4      | Killed Grinder
  3174 | D:4      | Reached skill level 6 in Long Blades
  3182 | D:4      | Reached XP level 8. HP: 58/61 MP: 8/8
  3252 | D:5      | Entered Level 5 of the Dungeon
  3258 | D:5      | Reached skill level 5 in Fighting
  3307 | D:5      | Found Sakhukle's Distillery.
  3433 | D:5      | Reached skill level 7 in Long Blades
  3679 | D:5      | Found a staircase to the Ecumenical Temple.
  3809 | Temple   | Entered the Ecumenical Temple
  3825 | Temple   | Became a worshipper of Gozag Ym Sagoz the Greedy
  4008 | D:6      | Reached skill level 5 in Dodging
  4008 | D:6      | Reached XP level 9. HP: 69/69 MP: 9/9
  4032 | D:6      | Found a blossoming altar of Fedhas.
  4242 | D:6      | Reached skill level 8 in Long Blades
  4425 | D:6      | Found a glowing silver altar of Zin.
  4500 | D:5      | Bought a potion of heal wounds for 60 gold pieces
  4500 | D:5      | Bought a potion of curing for 36 gold pieces
  4500 | D:5      | Bought a potion of curing for 36 gold pieces
  4500 | D:5      | Bought a potion of curing for 36 gold pieces
  4500 | D:5      | Bought a potion of cancellation for 96 gold pieces
  4500 | D:5      | Bought a potion of mutation for 96 gold pieces
  4919 | D:7      | Reached skill level 9 in Long Blades
  5077 | D:7      | Identified the +6 scale mail of Weak Liberty {rPois}
  5385 | D:7      | Found a sparkling altar of Nemelex Xobeh.
  5398 | D:7      | Noticed Jeremiah
  5484 | D:7      | Found a shimmering altar of Xom.
  5593 | D:8      | Found a staircase to the Lair.
  5794 | D:8      | Reached XP level 10. HP: 73/79 MP: 10/10
  6027 | D:8      | Reached skill level 10 in Long Blades
  6865 | D:9      | Found a white marble altar of Elyvilon.
  6993 | D:9      | Reached skill level 11 in Long Blades
  7257 | D:10     | Entered Level 10 of the Dungeon
  7542 | D:10     | Found a shadowy altar of Dithmenos.
  7568 | D:10     | Found a broken altar of Ashenzari.
  7585 | D:10     | Reached XP level 11. HP: 87/87 MP: 11/11
  7669 | D:10     | Found an ancient bone altar of Kikubaaqudgha.
  7713 | D:10     | Found a basalt altar of Yredelemnul.
  7786 | D:10     | Reached skill level 12 in Long Blades
  8093 | D:10     | Found a hide-covered altar of Uskayaw.
  8095 | D:10     | Found a sacrificial altar of Ru.
  8151 | D:10     | Identified a scroll of acquirement
  8156 | D:10     | Acquired 1144 gold pieces
  8427 | D:11     | Found a roughly hewn altar of Beogh.
  8434 | D:11     | Found a staircase to the Orcish Mines.
  8539 | D:11     | Noticed an orc knight
  8553 | D:11     | Killed an orc knight
  8554 | D:11     | HP: 2/89 [orc warrior/+0 morningstar (11)]
  8635 | D:11     | Found a runed translucent door.
  8638 | D:11     | Noticed heinrich's ghost (journeyman TrMo)
  8639 | D:11     | Noticed a centaur warrior
  8701 | D:11     | Noticed a two-headed ogre
  8707 | D:11     | Killed a two-headed ogre
  8789 | D:11     | Identified the +1 robe "Luloux Zala" {rCorr SInv}
  8823 | D:11     | Noticed a soul eater
  8969 | D:11     | Reached skill level 13 in Long Blades
  9074 | D:11     | Noticed Maurice
  9078 | D:11     | Maurice stole 46 poisoned darts
  9081 | D:11     | Paralysed by Maurice for 3 turns
  9082 | D:11     | Maurice stole an amulet of reflection
  9085 | D:11     | Maurice stole a +2 dagger {Inés}
  9086 | D:11     | Killed Maurice
  9375 | Lair:1   | Entered Level 1 of the Lair of Beasts
  9478 | Lair:1   | You fall into a shaft and drop 1 floor!
  9518 | Lair:1   | Reached XP level 12. HP: 91/97 MP: 12/12
  9767 | Lair:1   | Reached skill level 10 in Fighting
  9767 | Lair:1   | Reached skill level 1 in Armour
 10723 | Lair:2   | Reached skill level 14 in Long Blades
 10762 | Lair:2   | Found a hole to the Spider Nest.
 11547 | Lair:3   | Noticed a skyshark
 11562 | Lair:3   | Killed a skyshark
 11668 | Lair:3   | Identified the maw talisman of Sonwiedd {Will++ Stlth+}
 11851 | Lair:3   | Noticed an eight-headed hydra
 11858 | Lair:3   | Killed an eight-headed hydra
 11859 | Lair:3   | Reached XP level 13. HP: 75/105 MP: 13/13
 12283 | Lair:3   | Reached skill level 15 in Long Blades
 12285 | Lair:3   | Reached skill level 10 in Dodging
 12379 | Lair:3   | Found a staircase to the Swamp.
 12898 | Lair:3   | Bought a glowing quick blade for 522 gold pieces
 12935 | Lair:4   | Noticed Snorg
 12970 | Lair:4   | Killed Snorg
 13159 | Lair:4   | Reached skill level 5 in Armour
 13281 | Lair:4   | Identified the serpent talisman of Abastruenn {rF+ rN+
                  | rCorr Str-2}
 13321 | Lair:4   | Found a staircase to the Slime Pits.
 13331 | Lair:4   | Found a viscous altar of Jiyva.
 14226 | Lair:5   | Entered Level 5 of the Lair of Beasts
 14238 | Lair:5   | Reached XP level 14. HP: 94/114 MP: 14/14
 14364 | Lair:5   | Noticed a dire elephant
 14377 | Lair:5   | HP: 3/115 [dire elephant (23)]
 14378 | Lair:5   | Slain by a dire elephant

Illustrated notes

Levels and vault maps discovered:
D:1:      tarquinn_simple_flora_water_b, layout_loops_ring
D:2:      layout_basic, basic_altar, uniq_jessica
D:3:      layout_loops_ring, basic_ecumenical_altar, uniq_robin
D:4:      layout_gridville, uniq_grinder
D:5:      layout_rooms, minmay_temple_entry_nine_rooms, serial_shops,
          nicolae_take_the_stairs
D:6:      layout_gridville, mainiacjoe_overflow_catwalk, zin_treasury,
          minmay_mini_ossuary
D:7:      layout_loops_ring, kennysheep_mini, nemelex_xobeh_ov_fountains_minmay,
          uniq_jeremiah
D:8:      layout_gridville, erik_lair_orcish_takeover, serial_glass,
          glass_columns_a, glass_columns_a, minmay_strange_pillars,
          feat_on_display
D:9:      layout_cave_pools, old_standard_altar
D:10:     layout_roguey, nicolae_overflow_hidden_temple,
          mainiacjoe_overflow_surrounded_room, mainiacjoe_overflow_24_doors,
          cheibrodos_ashenzari_chains
D:11:     layout_roguey, david_orc_5, portal_ice_cave_entry_pillars_1,
          ebering_ghost_inner_flame, uniq_maurice
Temple:   hellmonk_temple_of_storms
Lair:1:   layout_cellular_growth, serial_forest, infiniplex_forest_straight_4,
          infiniplex_forest_end_1, infiniplex_forest_clump_small,
          infiniplex_forest_clump_cross, infiniplex_forest_straight_1,
          infiniplex_forest_clump_curved, infiniplex_staircase_pool_2
Lair:2:   layout_long_grid, spider_nest_entry_webs, infiniplex_staircase_pool
Lair:3:   layout_regular_city, mainiacjoe_swamp_entry_angry_trees,
          serial_bayou_pond_c, grunt_megastairs_3, serial_bayou_shore_a,
          wad_woods_river_01
Lair:4:   layout_regular_city, minmay_slime_entry_pillars, st_stairs_5,
          chequers_serial_rivers_room_b, minmay_hedge_maze, ldierk_geyser,
          uniq_snorg
Lair:5:   gammafunk_lair_ancient_temple, layout_layer_cave, evilmike_ambush
          [evilmike_ambush_outer_doors, evilmike_ambush_inner_pond],
          lemuel_fruit_tree

Skill      XL: |  1  2  3  4  5  6  7  8  9 10 11 12 13 14 |
---------------+-------------------------------------------+-----
Dodging        | 1 2 3 4 5 6 7 8 9 10 11 | 11.0
Long Blades    | 1 2 3 4 6 7 9 11 13 14 15 | 15.9
Fighting       | 3 4 5 7 8 9 10 11 12 | 12.2
Armour         | 3 6 |  6.5
Short Blades   | |  1.7
Throwing       | |  1.7
Stealth        | |  3.2

Action                     |  1- 3 |  4- 6 |  7- 9 | 10-12 | 13-15 || total
---------------------------+-------+-------+-------+-------+-------++-------
  Melee: Dagger            |    51 |    61 |     1 |       |       ||   113
         Short sword       |    27 |     7 |       |       |       ||    34
         Whip              |       |    66 |   184 |   514 |   360 ||  1124
         Rapier            |       |       |   177 |   502 |    96 ||   775
         Quick blade       |       |       |       |       |   498 ||   498
  Throw: Dart              |       |     1 |     1 |       |       ||     2
 Invoke: Call Merchant     |       |       |       |       |     3 ||     3
         Potion Petition   |       |       |       |       |     1 ||     1
  Evoke: Wand              |       |       |       |     4 |       ||     4
    Use: Scroll            |       |       |       |    10 |     4 ||    14
         Potion            |       |       |       |     3 |     7 ||    10
   Stab: Sleeping          |     3 |     8 |    17 |     1 |       ||    29
         Distracted        |     1 |       |     1 |     2 |     2 ||     6
 Armour: Robe              |    33 |     2 |       |       |       ||    35
         Leather armour    |       |    33 |    95 |       |       ||   128
         Scale mail        |       |       |    25 |   509 |   326 ||   860
  Dodge: Dodged            |    28 |    40 |   155 |   522 |   343 ||  1088

Table legend: (Time is in decaauts)
 A = Elapsed time spent in this place.
 B = Non-inter-level travel time spent in this place.
 C = Inter-level travel time spent in this place.
 D = Time resting spent in this place.
 E = Time spent auto-exploring this place.
 F = Levels seen in this place.
 G = Mean time per level.
                   A        B        C        D        E       F      G
               +--------+--------+--------+--------+--------+-----+--------+
         Total |  14314 |  13187 |   1127 |   1261 |   9273 |  17 |  842.0 |
       Dungeon |   9320 |   8640 |    680 |    663 |   6391 |  11 |  847.3 |
        Temple |     31 |      2 |     29 |      0 |      0 |   1 |   31.0 |
          Lair |   4962 |   4545 |    417 |    598 |   2882 |   5 |  992.4 |
               +--------+--------+--------+--------+--------+-----+--------+

Top non-repeatable levels by time:
  Lair:3: 1725 daAuts
  Lair:1: 1228 daAuts
  Lair:4: 1157 daAuts
    D:11: 1156 daAuts
    D:10: 932 daAuts
     D:2: 924 daAuts
     D:8: 915 daAuts
     D:6: 889 daAuts
     D:4: 848 daAuts
     D:9: 805 daAuts
     D:3: 780 daAuts
     D:7: 764 daAuts
  Lair:2: 703 daAuts
     D:1: 687 daAuts
     D:5: 614 daAuts
